[Event "*** Titled Tuesday Blitz"]
[Site "Chess.com"]
[Date "2019.12.03"]
[Round "1"]
[White "Triumphmate"]
[Black "riconaipe"]
[Result "1-0"]
[WhiteElo "2331"]
[BlackElo "2602"]
[TimeControl "180+2"]
[EndTime "13:08:20 PST"]
[Termination "Triumphmate won on time"]

1. e4 e6 2. Nf3 d5 3. exd5 exd5 4. d4 c6 5. Bd3 Bd6 6. O-O Ne7 7. c3 Bf5 8. Bxf5 Nxf5 9. Re1+ Ne7 10. Bg5 O-O 11.
Nbd2 f6 12. Bh4 Ng6 13. Bg3 Bxg3 14. hxg3 Qd7 15. Qc2 Na6 16. Re3 Rae8 17. Rae1 Nc7 18. c4 Rxe3 19. Rxe3 Re8 20. Qd3 Rxe3 21. Qxe3 dxc4 22.
Nxc4 Nd5 23. Qe4 Nge7 24. Ne3 Nxe3 25. Qxe3 Nd5 26. Qe4 g6 27. g4 Kf7 28. g5 Qe6 29.
Qh4 Kg7 30. Qh6+ Kg8 31. gxf6 Nxf6 32. Qf4 Kg7 33. Qc7+ Qd7 34. Qe5 Qd5 35. Qe7+ Qf7 36. Qe5 h6 37. Qf4 Qxa2 38. Qc7+ Qf7 39. Qf4 Nd5 40.
Qe5+ Qf6 41. Qb8 Qe7 42. Qxa7 Nf4 43. Qa5 Ne2+ 44. Kf1 Nf4 45. Kg1 Nd5 46. Ne5 h5 47. Qd2 Qf6 48. Qd3 h4 49. Qh3 Nf4 50. Qd7+ Kg8 51. Qc8+ Kg7 52. Qxb7+ Kg8 53. Qc8+ Kg7 54. Qxc6 Ne2+ 55. Kf1 Ng3+ 56. Ke1 1-0

[Event "*** Titled Tuesday Blitz"]
[Site "Chess.com"]
[Date "2019.12.03"]
[Round "1"]
[White "Bulldog167"]
[Black "kesarev"]
[Result "1-0"]
[WhiteElo "2901"]
[BlackElo "2476"]
[TimeControl "180+2"]
[EndTime "13:08:23 PST"]
[Termination "Bulldog167 won by resignation"]

1. d4 g6 2. c4 Bg7 3. e4 d6 4.
Nc3 Nf6 5. h3 O-O 6. Be3 e5 7.
d5 a5 8. g4 Na6 9. Nge2 Nc5 10. Ng3 c6 11. Qd2 a4 12. f3 Qa5 13.
h4 Bd7 14. h5 Rfb8 15. g5 Nxh5 16. Nxh5 gxh5 17. Rxh5 cxd5 18. Nxd5 Qxd2+ 19. Kxd2 Be6 20. Be2 Bxd5 21. cxd5 b5 22. Rah1 a3 23. b3 Rc8 24.
Bxb5 Rab8 25. Bc4 Na4 26. Rxh7 Nb2 27. Be2 Rc7 28. Bd3 Rbc8 29. Bb1 Rc3 30. R7h2 f6 31. Rg2 fxg5 32. Rxg5 Kf7 33. Rgg1 R3c7 34. Rc1 Rxc1 35.
Rxc1 Rxc1 36. Kxc1 Bf6 37. Kc2 Kg6 38. Bd2 Kh5 39.
Bb4 Kh4 40. Bxa3 Kg3 41. Kxb2 Kxf3 42. Bxd6 Ke3 43. Kc3 1-0

[Event "*** Titled Tuesday Blitz"]
[Site "Chess.com"]
[Date "2019.12.03"]
[Round "1"]
[White "Korchmar_Vasiliy"]
[Black "VeraNebolsina"]
[Result "1-0"]
[WhiteElo "2756"]
[BlackElo "2388"]
[TimeControl "180+2"]
[EndTime "13:08:24 PST"]
[Termination "Korchmar_Vasiliy won by resignation"]

1. d4 Nf6 2. c4 g6 3. Nc3 Bg7 4.
e4 d6 5. h3 O-O 6. Nf3 e5 7.
d5 Nbd7 8. g4 Nc5 9. Qc2 a5 10.
Be3 b6 11. Be2 Bd7 12. Nd2 Ne8 13. h4 f5 14. gxf5 gxf5 15. h5 f4 16. Bxc5 dxc5 17. h6 Bf6 18. O-O-O Nd6 19. Rdg1+ Kh8 20. Bg4 Bxg4 21.
Rxg4 Qd7 22. Rhg1 Rg8 23. Qd1 Rxg4 24. Rxg4 Rg8 25. Rxg8+ Kxg8 26. Qg1+ Kf8 27. Qg2 Nf7 28. Qh2 Bg5 29. Nf3 Qg4 30. Qh1 Bxh6 31. Nb5 Kg7 32. Nxc7 Bg5 33. Ne6+ Kg8 34. Nexg5 Nxg5 35. Nxe5 Qh3 36.
Qxh3 Nxh3 37. d6 Kf8 38. Nc6 Ke8 39. e5 Kd7 40. Nb8+ Ke6 41. d7 Ke7 42. e6 1-0

[Event "*** Titled Tuesday Blitz"]
[Site "Chess.com"]
[Date "2019.12.03"]
[Round "1"]
[White "LarissaSteenbekkers"]
[Black "misha_melnichuk"]
[Result "1-0"]
[WhiteElo "1767"]
[BlackElo "2506"]
[TimeControl "180+2"]
[EndTime "13:08:24 PST"]
[Termination "LarissaSteenbekkers won by resignation"]

1. e4 c5 2. Nc3 Nc6 3. f4 g6 4.
Nf3 Bg7 5. Bb5 Nd4 6. Bc4 e6 7. e5 Nxf3+ 8. Qxf3 d5 9. exd6 Qxd6 10. d3 Nf6 11. Bb5+ Bd7 12. Qxb7 O-O 13. Bxd7 Nxd7 14.
O-O Rfb8 15. Qf3 Nf6 16. Ne4 Nxe4 17. dxe4 Bxb2 18. Bxb2 Rxb2 19. f5 exf5 20. exf5 Rf8 21. Rad1 Qe5 22. fxg6 hxg6 23. Rd7 Qe6 24. Qd3 Rxa2 25. h3 a5 26. Rd6 Qe5 27. Rxg6+ fxg6 28. Qxg6+ Qg7 29. Qe6+ Kh8 30. Rxf8+ Qxf8 31. Qxa2 Qd8 32.
Qe6 Qd1+ 33. Kh2 Qxc2 34. Qf6+ Kg8 35. Qe6+ Kg7 36. Qe7+ Kg6 37. Qe6+ Kg5 38. Qe5+ Qf5 39. h4+ Kg6 40. Qd6+ Kh5 41. g3 Qf2+ 42. Kh3 Qf1+ 43. Kh2 Kg4 44. Qg6+ Kf3 45. Qf5+ Ke2 46. Qxc5 Qa1 47.
Qe5+ Kd2 48. Qxa1 1-0

[Event "*** Titled Tuesday Blitz"]
[Site "Chess.com"]
[Date "2019.12.03"]
[Round "1"]
[White "AnubisInmortal03"]
[Black "politeplayer"]
[Result "1-0"]
[WhiteElo "2573"]
[BlackElo "2213"]
[TimeControl "180+2"]
[EndTime "13:08:26 PST"]
[Termination "AnubisInmortal03 won by resignation"]

1. Nc3 Nf6 2. d3 d5 3. e4 e5 4. exd5 Nxd5 5. Nf3 Nc6 6. g3 Bb4 7. Bd2 Bg4 8. h3 Bxf3 9. Qxf3 Nde7 10. Bg2 Nd4 11. Qd1 c6 12. O-O O-O 13. Re1 Qc7 14. a3 Bxc3 15. bxc3 Ne6 16. c4 Rad8 17. Bc3 f6 18.
Qg4 Qd7 19. Rab1 b6 20. Kh2 Nc5 21. Bb4 f5 22. Qe2 Ng6 23. Bxc5 bxc5 24. Qe3 f4 25. Qxc5 fxg3+ 26. fxg3 Rf6 27. Rf1 Rdf8 28. Rxf6 gxf6 29. Bxc6 Qf5 30. Be4 Qg5 31. Rf1 f5 32. Bd5+ Kg7 33.
h4 Nxh4 34. gxh4 Qxh4+ 35. Kg1 Rf6 36. Qe7+ Kh6 37. Bg2 Qd4+ 38. Rf2 e4 39. Kh1 Rg6 40.
Qf8+ Rg7 41. Qxf5 e3 42. Qf6+ Qxf6 43. Rxf6+ Kg5 44. Re6 Kf4 45. Re4+ Kg3 46. Rxe3+ Kf2 47. Re4 h5 48. Rf4+ Kg3 49. Rf3+ Kh4 50. Kh2 Rg3 51.
Rxg3 1-0

[Event "*** Titled Tuesday Blitz"]
[Site "Chess.com"]
[Date "2019.12.03"]
[Round "1"]
[White "BillieKimbah"]
[Black "Region_07"]
[Result "1-0"]
[WhiteElo "2742"]
[BlackElo "2368"]
[TimeControl "180+2"]
[EndTime "13:08:27 PST"]
[Termination "BillieKimbah won on time"]

1. c4 f5 2. Nc3 Nf6 3. Nf3 d6 4. d4 g6 5. e3 Bg7 6. Be2 O-O 7.
O-O c6 8. b4 Qc7 9. Qb3 Kh8 10.
a4 e5 11. Ba3 e4 12. Nd2 Be6 13. Rac1 Qf7 14. b5 Rd8 15. bxc6 bxc6 16. Rb1 d5 17. Qb7 Nbd7 18. Qxc6 Rac8 19. Qa6 dxc4 20. Rb7 Nd5 21. Rc1 Nxc3 22. Rxc3 Bd5 23. Bxc4 Bxb7 24. Qxb7 Qf6 25. a5 Nc5 26. Bxc5 Rxc5 27. Qxa7 Rdc8 28. g3 R5c7 29. Qb6 Rc6 30. Qb3 g5 31. Rc2 Qg6 32. a6 f4 33.
a7 Ra8 34. Bd5 Rxc2 35. Qxc2 Qe8 36. Bxa8 Qxa8 37. Qxe4 1-0

[Event "*** Titled Tuesday Blitz"]
[Site "Chess.com"]
[Date "2019.12.03"]
[Round "1"]
[White "chesstatour"]
[Black "WPWPWP-2015"]
[Result "0-1"]
[WhiteElo "1960"]
[BlackElo "2532"]
[TimeControl "180+2"]
[EndTime "13:08:29 PST"]
[Termination "WPWPWP-2015 won on time"]

1. c4 Nf6 2. Nc3 e5 3. Nf3 Nc6 4. d4 exd4 5. Nxd4 Bb4 6. g3 O-O 7. Bg2 Re8 8. Nc2 Bxc3+ 9. bxc3 Ne5 10. c5 Qe7 11. O-O Qxc5 12. Qd4 Qxd4 13. cxd4 Nc4 14. Re1 d5 15. Bf4 c6 16. f3 Bf5 17. Rac1 Bxc2 18. Rxc2 Ne3 19. Rb2 b6 20. Bh3 Nc4 21. Rbb1 h6 22. Bc1 b5 23. Bg2 Ne3 24. Bh3 a5 25. Kf2 Nc4 26. Bg2 Rad8 27. h3 a4 28.
Ra1 a3 29. Rb1 Re6 30. g4 Nh7 31. h4 Nf8 32. e3 Ng6 33. Re2 Nxh4 34. Bd2 Ng6 35.
Bh3 Ree8 36. Bc3 f6 37. Bb4 Kf7 38. Rbe1 Ra8 39. Bc5 b4 40. Rb1 Nb2 41. Bxb4 Rab8 0-1

[Event "*** Titled Tuesday Blitz"]
[Site "Chess.com"]
[Date "2019.12.03"]
[Round "1"]
[White "Godzillator"]
[Black "dusanacns"]
[Result "1-0"]
[WhiteElo "2362"]
[BlackElo "2692"]
[TimeControl "180+2"]
[EndTime "13:08:30 PST"]
[Termination "Godzillator won on time"]

1. d4 Nf6 2. c4 g6 3. Nc3 Bg7 4. e4 O-O 5. Be2 c6 6. e5 Ne8 7. f4 d6 8. Be3 f6 9. exd6 exd6 10. Nf3 Bg4 11. O-O Nd7 12. Qb3 Qb6 13. h3 Bxf3 14. Bxf3 f5 15. Qxb6 Nxb6 16. b3 Nf6 17. Rae1 Rfe8 18.
Bf2 d5 19. cxd5 Nbxd5 20. Nxd5 cxd5 21. Re5 Rad8 22. Rfe1 Ne4 23. Rxe8+ Rxe8 24. Bxe4 fxe4 25. Be3 Rc8 26. Re2 Rc3 27. Kf2 Kf7 28. Rd2 Ke6 29. g4 a5 30. Ke2 b5 31. Kf2 Bf6 32. Ke2 Kd7 33. Kf2 Rc1 34. Kg2 b4 35. f5 gxf5 36.
gxf5 Re1 37. Bf4 Rc1 38. Be5 Ke7 39. Kg3 Rc3+ 40. Kg4 h5+ 41. Kxh5 Rxh3+ 42. Kg6 Bh4 43. f6+ Ke6 44. Rc2 Rc3 45. Rh2 Be1 46. Rh7 1-0

[Event "*** Titled Tuesday Blitz"]
[Site "Chess.com"]
[Date "2019.12.03"]
[Round "1"]
[White "Radzio1987"]
[Black "GulamaliRises"]
[Result "0-1"]
[WhiteElo "2874"]
[BlackElo "2488"]
[TimeControl "180+2"]
[EndTime "13:08:31 PST"]
[Termination "GulamaliRises won by resignation"]

1. c4 e5 2. Nc3 Nc6 3. Nf3 Nf6 4. a3 g6 5. e3 Bg7 6. Qc2 O-O 7. b4 d6 8. d3 Nd7 9. Bb2 f5 10. Be2 g5 11.
Nd2 Nf6 12. h3 Ne7 13. g4 f4 14. Nde4 Nxe4 15. dxe4 Ng6 16. O-O-O Qe7 17. c5 dxc5 18. Nd5 Qf7 19. Qxc5 Be6 20. Kb1 c6 21. Nc3 Rfc8 22. Qa5 fxe3 23. fxe3 Qf2 24. Rd6 Bb3 25. Rd7 b6 26. Qa6 Qxe3 27. Qb7 Bf8 28. Rf1 Nf4 29. Bd1 Bc4 30. Rf3 Qe1 31. Bc1 Be6 32. Rd2 Rd8 33.
Re3 Qg1 34. Rxd8 Rxd8 35. Bc2 c5 36. b5 c4 37. Ne2 Nxe2 38. Rxe2 Bxa3 39. Bd1 Qxd1 40.
Rc2 Bxc1 0-1

[Event "*** Titled Tuesday Blitz"]
[Site "Chess.com"]
[Date "2019.12.03"]
[Round "1"]
[White "Caisachess"]
[Black "Mikhail_Golubev"]
[Result "0-1"]
[WhiteElo "2242"]
[BlackElo "2595"]
[TimeControl "180+2"]
[EndTime "13:08:38 PST"]
[Termination "Mikhail_Golubev won by resignation"]

1. e4 c5 2. Nf3 d6 3. c3 Nf6 4.
Bd3 g6 5. Bc2 Bg7 6. O-O O-O 7.
h3 b5 8. d4 Bb7 9. Re1 cxd4 10. cxd4 Nc6 11. a3 e5 12. d5 Nd4 13. Nxd4 exd4 14.
Bf4 Re8 15. Bd3 Nh5 16. Bh2 Be5 17. Nd2 Nf4 18. Bxf4 Bxf4 19. Bxb5 Rf8 20. Bd3 Bc8 21. Nf3 Rb8 22. b4 Qf6 23. Rc1 Bxc1 24. Qxc1 Bxh3 25.
Qh6 Bg4 26. Ng5 Qg7 27. Qh4 h5 28. f3 Bd7 29. Qf2 Rbc8 30. f4 Rc3 31. Qd2 Rfc8 32.
e5 dxe5 33. fxe5 Bf5 34. Bxf5 gxf5 35. e6 fxe6 36. dxe6 Rg3 37. e7 Re8 38. Ne6 Qxe7 39. Qxd4 Qf7 40. Qd6 Rg6 0-1

[Event "*** Titled Tuesday Blitz"]
[Site "Chess.com"]
[Date "2019.12.03"]
[Round "1"]
[White "Firouzja2003"]
[Black "Kislov_Oleg"]
[Result "1-0"]
[WhiteElo "3166"]
[BlackElo "2517"]
[TimeControl "180+2"]
[EndTime "13:08:40 PST"]
[Termination "Firouzja2003 won by resignation"]

1. e4 e6 2. d4 d5 3. Nc3 Nf6 4. e5 Nfd7 5. f4 c5 6. Nf3 Nc6 7. Be3 a6 8. Qd2 b5 9. dxc5 Bxc5 10. Ne2 Bxe3 11. Qxe3 Qb6 12. Ned4 b4 13. Bd3 a5 14.
O-O Ba6 15. Bxa6 Rxa6 16. f5 Ndxe5 17. Nxe5 Qxd4 18. Qxd4 Nxd4 19. f6 O-O 20. Rad1 Nf5 21. Rd3 gxf6 22. Nd7 Rc8 23. Nxf6+ Kg7 24. Nh5+ Kf8 25.
g4 Nd6 26. Nf4 Ke7 27. Rh3 Rxc2 28. Rxh7 Rxb2 29. g5 Ra8 30. Ng6+ Kd7 31. Ne5+ Kc7 32. g6 Rg8 33. Kh1 Re2 34. Nxf7 Nxf7 35. Rhxf7+ Kd6 36. g7 d4 37. Rg1 d3 38. Rf8 Rxg7 39. Rxg7 d2 40. Rd8+ Kc5 41. Rgd7 Re1+ 42. Kg2 Re2+ 43. Kg3 d1=Q 44. Rxd1 Rxa2 45. h4 b3 46. Rb8 b2 47.
Rb1 a4 48. R8xb2 Ra3+ 49. Kg4 Rc3 50. Rb5+ Kc4 51. R5b4+ Kc5 52. Rxa4 1-0

[Event "*** Titled Tuesday Blitz"]
[Site "Chess.com"]
[Date "2019.12.03"]
[Round "1"]
[White "MITerryble"]
[Black "2nd_life"]
[Result "1/2-1/2"]
[WhiteElo "2856"]
[BlackElo "2475"]
[TimeControl "180+2"]
[EndTime "13:08:43 PST"]
[Termination "Game drawn - insufficient material"]

1. d4 Nf6 2. Nf3 e6 3. c4 b6 4. g3 Ba6 5. Qa4 Bb7 6. Bg2 c5 7. dxc5 Bxc5 8. O-O O-O 9. Nc3 a6 10. Bf4 d5 11. Rfd1 Qe7 12. cxd5 Nxd5 13. Nxd5 Bxd5 14. Ng5 Bxg2 15. Kxg2 Ra7 16. Qe4 g6 17. h4 Nd7 18. Qf3 Nf6 19. a3 a5 20. Be5 Nd5 21. Ne4 f6 22. Bc3 Nxc3 23. Qxc3 f5 24. Nxc5 Qxc5 25. Qxc5 bxc5 26. Rac1 Rb8 27. Rd2 Rab7 28.
Rxc5 Rxb2 29. Rxb2 Rxb2 30. e3 a4 31. Rc4 Ra2 32. Rxa4 Kf7 33. Ra7+ Kf6 34. a4 h6 35. a5 g5 36. h5 g4 37. a6 Ke5 38.
Ra8 Ke4 39. a7 e5 40. Rh8 Rxa7 41. Rxh6 f4 42. exf4 exf4 43. Rf6 f3+ 44. Kh2 Ra2 45. Rf4+ Kd3 46. Rxg4 Rxf2+ 47. Kh3 Rf1 48. Rf4 Ke3 49. Kg4 f2 50. Kg5 Rg1 51. Rxf2 Kxf2 52. h6 Rxg3+ 53. Kf6 Rh3 54. Kg7 Rxh6 55. Kxh6 1/2-1/2

[Event "*** Titled Tuesday Blitz"]
[Site "Chess.com"]
[Date "2019.12.03"]
[Round "1"]
[White "Msb2"]
[Black "r31415"]
[Result "1-0"]
[WhiteElo "2826"]
[BlackElo "2445"]
[TimeControl "180+2"]
[EndTime "13:08:43 PST"]
[Termination "Msb2 won by resignation"]

1. d4 d6 2. Nf3 g6 3. c4 f5 4.
Nc3 Nf6 5. Bg5 Bg7 6. Bxf6 Bxf6 7. e4 e6 8. h4 Nc6 9. Be2 e5 10. d5 Ne7 11. h5 f4 12. Nd2 Bd7 13. Bg4 Qc8 14.
Bxd7+ Qxd7 15. Qe2 c5 16. O-O-O g5 17. g4 O-O 18.
Kc2 Nc8 19. Rb1 Bd8 20. a3 a5 21. b3 Na7 22. f3 Bc7 23. Rhc1 Rfb8 24. Kd1 Bd8 25. Ke1 Nc8 26. Kf1 Na7 27. Kg2 Kg7 28. Qd3 h6 29. b4 axb4 30. axb4 cxb4 31. Rxb4 Ba5 32. Rb3 b5 33. Rcb1 Bxc3 34. Qxc3 Rc8 35. Qd3 Rc5 36. cxb5 Rb8 37. b6 Nc8 38. b7 Na7 39.
Qa6 Rc2 40. R1b2 Rxb2 41. Rxb2 Nc8 42. bxc8=Q Rxc8 43. Rb7 Rc7 44. Rxc7 Qxc7 45. Nc4 Qb8 46. Qxd6 Qb3 47. Qxe5+ Kh7 48. Qe7+ Kg8 49. Qe8+ Kh7 50.
Qg6+ Kh8 51. Qxh6+ Kg8 52. Qxg5+ 1-0

[Event "*** Titled Tuesday Blitz"]
[Site "Chess.com"]
[Date "2019.12.03"]
[Round "1"]
[White "earling8018"]
[Black "Qvalda"]
[Result "0-1"]
[WhiteElo "1915"]
[BlackElo "2525"]
[TimeControl "180+2"]
[EndTime "13:08:45 PST"]
[Termination "Qvalda won by resignation"]

1. c4 e5 2. Nc3 Bb4 3. Nf3 Bxc3 4. bxc3 d6 5. g3 f5 6. Bg2 Nf6 7. O-O O-O 8. d3 Nc6 9. Rb1 Qe8 10. Ba3 Qh5 11.
Nd2 f4 12. Ne4 Bh3 13. Bxh3 Qxh3 14. Ng5 Qh5 15. h4 h6 16. Ne4 Nxe4 17. dxe4 fxg3 18. fxg3 Qg4 19. Qd3 Rxf1+ 20. Rxf1 Ne7 21. Qf3 Qe6 22. Qd3 Rf8 23. Rxf8+ Kxf8 24. Kg2 c5 25. Bc1 Ng8 26. Be3 Nf6 27. Bg1 Ke7 28. Bf2 Qg4 29. Qf3 Qxe4 30. Qxe4 Nxe4 31. Be1 Ke6 32. Kf3 Nf6 33. g4 g6 34. g5 hxg5 35. hxg5 Ne8 36. Kg4 Nc7 37. Bf2 Na8 38. Be1 Nb6 39. Bd2 Nxc4 40. Bc1 b5 0-1

[Event "*** Titled Tuesday Blitz"]
[Site "Chess.com"]
[Date "2019.12.03"]
[Round "1"]
[White "wnstop"]
[Black "nitpicker"]
[Result "1-0"]
[WhiteElo "2665"]
[BlackElo "2319"]
[TimeControl "180+2"]
[EndTime "13:08:47 PST"]
[Termination "wnstop won on time"]

1. e4 e6 2. d4 d5 3. Nd2 dxe4 4.
Nxe4 Bd7 5. Nf3 Bc6 6. Bd3 Nd7 7. O-O Ngf6 8. Ned2 Be7 9. Re1 O-O 10. Nc4 Bxf3 11.
Qxf3 c6 12. c3 a5 13. a4 Nb6 14. Ne5 Nbd5 15. Bg5 g6 16. Rad1 Kg7 17. Qh3 Ng8 18. Bc1 Bg5 19. g3 Bxc1 20. Rxc1 Nb6 21. Qg4 Nf6 22. Qd1 Qd5 23. Bf1 Rad8 24. Bg2 Qd6 25. Qb3 Qc7 26. Nd3 Nbd5 27. Nc5 b6 28. Nd3 c5 29. dxc5 bxc5 30. Qc4 Rc8 31. Ne5 Qb6 32.
Qb5 Rb8 33. Qxb6 Rxb6 34. Nc4 Ra6 35. Bf1 Ra7 36. Nd6 Rb8 37. Bb5 Rc7 38. Nc4 Ra8 39. f4 Kf8 40. Kg2 Rca7 41. Kf3 Rb8 42. Ne5 Rb6 43.
Rcd1 Nc7 44. Nc4 Rb8 45. Nd6 Nxb5 46. Nxb5 Nd5 47. Nxa7 1-0

[Event "*** Titled Tuesday Blitz"]
[Site "Chess.com"]
[Date "2019.12.03"]
[Round "1"]
[White "Chesswizard_2007"]
[Black "Sankalp_Gupta2003"]
[Result "1/2-1/2"]
[WhiteElo "2423"]
[BlackElo "2776"]
[TimeControl "180+2"]
[EndTime "13:08:48 PST"]
[Termination "Game drawn by agreement"]

1. Nf3 Nf6 2. c4 g6 3. Nc3 d5 4. cxd5 Nxd5 5. e4 Nxc3 6. dxc3 Qxd1+ 7. Kxd1 f6 8. Kc2 e5 9. Be3 Be6 10. Nd2 Nd7 11. Bc4 Kf7 12. Bxe6+ Kxe6 13. Rad1 Bc5 14. Nc4 Bxe3 15. Nxe3 Nb6 16. b3 Rhd8 17. a4 c6 18. g3 Nd7 19. b4 a5 20. Kb3 b5 21. axb5 a4+ 22. Ka3 cxb5 23. c4 bxc4 24. Nxc4 Rdc8 25. Rd6+ Ke7 26. Rxd7+ Kxd7 27. Nb6+ Kc7 28.
Nxc8 Kxc8 29. Rc1+ Kb7 30. Rc5 Kb6 31. Rd5 Kc6 32.
Rc5+ Kb6 33. Rd5 Kc6 34. g4 h6 35. Rc5+ Kb6 36. Rd5 Kc6 37. Rd3 Kb5 38. Rc3 Rd8 39.
Rc5+ Kb6 40. Kxa4 Rd2 41. Rb5+ Kc6 42. Rc5+ Kb6 43. Rb5+ Kc6 44. Rc5+ Kb7 45. h4 Rxf2 46. g5 hxg5 47. hxg5 fxg5 48. Rxe5 g4 49. Rg5 Rf4 50. e5 Rf5 51. Rxg4 Rxe5 52. Rxg6 Re7 53. Ka5 Rc7 54.
Rb6+ Ka7 55. b5 Rh7 56. Rg6 Kb7 57. Rf6 1/2-1/2

[Event "*** Titled Tuesday Blitz"]
[Site "Chess.com"]
[Date "2019.12.03"]
[Round "1"]
[White "Alexander_Moskalenko"]
[Black "Alopekos"]
[Result "0-1"]
[WhiteElo "2839"]
[BlackElo "2472"]
[TimeControl "180+2"]
[EndTime "13:08:51 PST"]
[Termination "Alopekos won by resignation"]

1. e4 e5 2. Bc4 Nc6 3. d3 Nf6 4. Nc3 Na5 5. a4 Nxc4 6. dxc4 Bc5 7. Nge2 d6 8. O-O Be6 9. b3 h6 10. Qd3 O-O 11. Qg3 Nh5 12. Qf3 Qh4 13. Ng3 Nxg3 14. hxg3 Qg4 15. Qxg4 Bxg4 16. Nd5 c6 17. Ne3 Be6 18.
Rd1 Rfd8 19. a5 a6 20. Rd3 Rd7 21. g4 Rad8 22. Kf1 Bxe3 23. Bxe3 Bxg4 24. f3 Be6 25.
Bb6 Rc8 26. Rad1 d5 27. c3 f6 28. cxd5 cxd5 29. exd5 Bf5 30. Re3 Bc2 31. Rd2 Bxb3 32. d6 Rc6 33. Bc7 Kf7 34. Rb2 Bc4+ 35. Kf2 Bb5 36.
Rb4 Rc4 37. Rxc4 Bxc4 38. f4 exf4 39. Re4 Bd5 40. Rxf4 g5 41. Rd4 Bc6 42. g3 Ke6 43. Ke3 h5 44. Rc4 Kf5 45. Kd4 h4 46. gxh4 gxh4 47.
Ke3 Rh7 48. Rf4+ Ke6 49. Rf2 h3 50. Rh2 Bg2 51. Kd4 f5 52. Ke3 Rh4 53. Kd3 f4 54.
Bb8 f3 55. Ke3 Ra4 56. Kf2 Rxa5 57. c4 Rc5 58. d7 Kxd7 59. Bf4 Rxc4 60. Be3 a5 61.
Kg3 a4 62. Bg5 b5 63. Bf6 b4 64. Bg7 a3 65. Rxh3 Bxh3 66. Kxh3 b3 67. Kg3 b2 68.
Kxf3 b1=Q 69. Be5 Qd3+ 70. Kg2 Rc2+ 71. Kg1 0-1

[Event "*** Titled Tuesday Blitz"]
[Site "Chess.com"]
[Date "2019.12.03"]
[Round "1"]
[White "petincash"]
[Black "HarutyunianTigranK"]
[Result "0-1"]
[WhiteElo "2407"]
[BlackElo "2774"]
[TimeControl "180+2"]
[EndTime "13:08:52 PST"]
[Termination "HarutyunianTigranK won on time"]

1. e4 e5 2. Nf3 Nc6 3. Bb5 a6 4. Ba4 Nf6 5. d3 b5 6. Bb3 Bc5 7. c3 d6 8. Nbd2 O-O 9. Nf1 d5 10. Ng3 dxe4 11. dxe4 Qxd1+ 12. Bxd1 Be6 13. Be2 h6 14. b4 Bd6 15. O-O Rab8 16. a4 Ne7 17.
axb5 axb5 18. Be3 Ng6 19. Rfd1 Rfc8 20. Nd2 Nf4 21. Bf1 Ng4 22. Bc5 Nf6 23. Nf5 Bxc5 24. bxc5 Bxf5 25. exf5 N4d5 26. c4 Nc3 27. Rdc1 b4 28.
Nb3 c6 29. Ra7 Ra8 30. Rb7 Rd8 31. h3 Nfe4 32. g3 Ra2 33. Rxb4 Rxf2 34. Re1 Rb2 35. Bg2 Nxc5 36. Nxc5 Rxb4 37. Rxe5 Rxc4 38. Nb7 Rd1+ 39. Kf2 Rd2+ 40. Kf3 Nd5 41. Re8+ Kh7 42. Nd6 Rc3+ 43. Kg4 Nf6+ 44. Kh4 Rxd6 0-1

[Event "*** Titled Tuesday Blitz"]
[Site "Chess.com"]
[Date "2019.12.03"]
[Round "1"]
[White "FelixJoseYnojosa"]
[Black "Spring199"]
[Result "0-1"]
[WhiteElo "2615"]
[BlackElo "2305"]
[TimeControl "180+2"]
[EndTime "13:09:02 PST"]
[Termination "Spring199 won by checkmate"]

1. e4 e5 2. Nf3 Nc6 3. Bc4 Bc5 4. d3 Nf6 5. Nc3 O-O 6. Bg5 h6 7. Bxf6 Qxf6 8. Nd5 Qd8 9. c3 d6 10. d4 exd4 11.
cxd4 Bb6 12. Nxb6 axb6 13. O-O Bg4 14. Qd3 Qf6 15. Rfd1 Ne7 16. h3 Bxf3 17. Qxf3 Qxf3 18. gxf3 Ng6 19. Kh2 Nf4 20. Kg3 g5 21. h4 Kg7 22.
Rac1 c6 23. a3 Rfe8 24. Bf1 Kf6 25. Rc3 Ng6 26. hxg5+ hxg5 27. Rb3 b5 28. d5 Rad8 29. Rc1 Ne5 30. dxc6 bxc6 31. f4 gxf4+ 32. Kxf4 Rh8 33. Ke3 Rh1 34. Rbc3 Ng4+ 35. Ke2 c5 36. Rf3+ Ke7 37.
Rg3 Ne5 38. Rc2 Nc6 39. Bg2 Nd4+ 40. Kd3 Rd1+ 41. Rd2 Rb1 42. f4 Ne6 43. Rf2 c4+ 44. Kc2 Re1 45. Kd2 Rb1 46. Kc3 Nc5 47. Kc2 Re1 48. e5 dxe5 49. fxe5 Nd3 50. Rd2 Rc1# 0-1

[Event "*** Titled Tuesday Blitz"]
[Site "Chess.com"]
[Date "2019.12.03"]
[Round "1"]
[White "LucaBrasi1968"]
[Black "bubacik"]
[Result "0-1"]
[WhiteElo "2411"]
[BlackElo "2775"]
[TimeControl "180+2"]
[EndTime "13:09:05 PST"]
[Termination "bubacik won by checkmate"]

1. d4 Nf6 2. Nf3 d5 3. Bf4 c5 4. c3 Nbd7 5. e3 Nh5 6. Bg5 h6 7. Bh4 g5 8. Bg3 Bg7 9. Be5 Nhf6 10. Bg3 Ne4 11. Nbd2 h5 12. Nxe4 dxe4 13. Nxg5 h4 14. Bf4 Qb6 15. Qb3 Qg6 16. Qd5 cxd4 17. cxd4 Rh5 18.
Be2 Nf6 19. Bxh5 Qxh5 20. O-O h3 21. Qxf7+ Qxf7 22. Nxf7 Kxf7 23. gxh3 Bxh3 24. Rfc1 Nd5 25. Bg3 b6 26. Rc6 Bd7 27. Rc2 Bb5 28. a3 Bd3 29. Rcc1 Bf6 30. Kg2 b5 31. h3 Nb6 32.
Rc5 Na4 33. Rc7 Nxb2 34. d5 Nc4 35. Rc1 Rd8 36. d6 Nxd6 37. Rxa7 Nc4 38. Bf4 Rg8+ 39.
Bg3 Be5 40. Kh2 Bxg3+ 41. fxg3 Nxe3 42. Rcc7 Nf1+ 43. Kg2 Rxg3+ 44. Kf2 e3+ 45. Ke1 Bc4 46. Rxe7+ Kf6 47. Rec7 Nd2 48. Ra8 Rg1# 0-1

[Event "*** Titled Tuesday Blitz"]
[Site "Chess.com"]
[Date "2019.12.03"]
[Round "1"]
[White "HanSchut"]
[Black "MarcoRiehle"]
[Result "1-0"]
[WhiteElo "2339"]
[BlackElo "2660"]
[TimeControl "180+2"]
[EndTime "13:09:08 PST"]
[Termination "HanSchut won by checkmate"]

1. e4 e5 2. Nf3 Nf6 3. Bc4 Nxe4 4.
Nc3 Nf6 5. Nxe5 d5 6. Bb3 Nc6 7. d4 Be7 8. Bg5 O-O 9. O-O Be6 10. Nxc6 bxc6 11. Na4 Ne4 12. Bxe7 Qxe7 13. f3 Nd6 14. Nc5 Rae8 15. Re1 Qg5 16. Qc1 Qg6 17. c3 Nf5 18.
Qf4 Re7 19. Bc2 Rfe8 20. Re5 f6 21. Rxe6 Rxe6 22. Nxe6 Qf7 23. Bxf5 g6 24. Bh3 f5 25.
Ng5 Qe7 26. Qh4 c5 27. dxc5 Qxc5+ 28. Qd4 Qe7 29. Rf1 c6 30. f4 Qe2 31. Nf3 Qxb2 32. Ne5 Qxa2 33. Nxc6 Kf7 34. c4 dxc4 35. Qd7+ Kf8 36.
Ne5 c3 37. Qd6+ Kg7 38. Qd7+ Kf8 39. Qxh7 Re6 40. Nxg6+ Ke8 41. Qh8+ Kf7 42. Ne5+ Ke7 43. Bxf5 Ra6 44. Qg7+ Kd6 45. Qd7+ Kc5 46. Nd3+ Kb6 47. Qd6+ Kb7 48. Nc5+ Ka8 49. Be4+ Rc6 50. Qxc6+ Kb8 51. Qb7# 1-0

[Event "*** Titled Tuesday Blitz"]
[Site "Chess.com"]
[Date "2019.12.03"]
[Round "1"]
[White "DrMelekess"]
[Black "WeAintSurePal"]
[Result "1-0"]
[WhiteElo "2715"]
[BlackElo "2352"]
[TimeControl "180+2"]
[EndTime "13:09:18 PST"]
[Termination "DrMelekess won by resignation"]

1. d4 d5 2. Nf3 Nf6 3. c4 e6 4.
Nc3 Be7 5. g3 O-O 6. Bg2 dxc4 7.
Ne5 c6 8. O-O Nbd7 9. Nxc4 Nb6 10. Ne5 Nbd5 11. Qb3 Nxc3 12. bxc3 Nd7 13. Nd3 Qc7 14. e4 c5 15. Bf4 Bd6 16. e5 Be7 17.
Qa4 a6 18. Rab1 c4 19. Ne1 b5 20. Rxb5 axb5 21. Qxa8 Nb6 22. Qc6 Qa7 23. Qxb5 Bd7 24.
Qb1 Rb8 25. Nf3 Nd5 26. Qc2 Ba4 27. Qd2 Qa5 28. Rc1 Nxf4 29. Qxf4 Bc6 30. Ng5 Bxg5 31.
Qxg5 Bxg2 32. Kxg2 h6 33. Qf4 Qxa2 34. d5 Qa8 35. Rd1 Rd8 36. Qxc4 exd5 37. Qd4 Rc8 38. h4 g6 39. h5 g5 40. Qxd5 Qxd5+ 41. Rxd5 Rxc3 42. Rd6 Kg7 43. e6 Rc7 44. Rd7 Rc6 45.
Rxf7+ Kg8 46. Rf6 Kg7 47. Rg6+ Kh7 48. f4 gxf4 49. gxf4 Rc3 50. f5 Re3 51. Kf2 Re5 52. Rf6 Kg7 53. Rf7+ Kg8 54. Kf3 Re1 55. Kf4 Rg1 56.
Ke5 Re1+ 57. Kf6 Rf1 58. Ra7 1-0

[Event "*** Titled Tuesday Blitz"]
[Site "Chess.com"]
[Date "2019.12.03"]
[Round "1"]
[White "rezacz"]
[Black "rasmussvane"]
[Result "0-1"]
[WhiteElo "2445"]
[BlackElo "2811"]
[TimeControl "180+2"]
[EndTime "13:09:19 PST"]
[Termination "rasmussvane won by resignation"]

1. e4 c6 2. d3 d5 3. Nd2 e5 4. Ngf3 Bd6 5. d4 exd4 6. exd5 cxd5 7. Nxd4 Nc6 8. N2b3 Nf6 9. Be2 O-O 10. O-O h6 11. Bf3 Re8 12. Re1 Rxe1+ 13. Qxe1 Ne5 14. c3 a6 15. Qe2 Qc7 16. h3 Bd7 17. Qc2 Re8 18. Bd2 Qc8 19. Re1 Nxf3+ 20. Nxf3 Re4 21. Nbd4 Bxh3 22.
gxh3 Qxh3 23. Rxe4 dxe4 24. Qd1 Ng4 25. Be3 exf3 26. Qxf3 Qxf3 27. Nxf3 Nxe3 28. fxe3 Kf8 29. e4 Ke7 30. Kf2 Bf4 31. c4 Kd6 32. b4 g6 33.
c5+ Ke6 34. a4 Bc1 35. Ne1 Bd2 36. Nd3 f5 37. Kf3 g5 38. exf5+ Kxf5 39. b5 axb5 40. axb5 g4+ 41. Kg3 Bg5 42. c6 bxc6 43. bxc6 Bd8 44.
Kg2 h5 45. Nf2 Bb6 46. Nd3 Ke4 47. Nf2+ Kf4 48. Nh1 Kg5 49. Ng3 Bc7 50. Ne4+ Kf5 51.
Ng3+ Bxg3 52. Kxg3 Ke6 53. c7 Kd7 0-1